TOP OF THE 1ST |
Tokyo Choho batting - Pitching for Marrakesh Marabouts : RHP Amir Nadhir
|
Pitching: RHP Amir Nadhir
|
|
Batting: LHB Gamal Gyasi
|
0-0: Ball 1-0: Called Strike 1-1: Called Strike 1-2: Ball 2-2: SINGLE (Line Drive, 89M, EV 106.3 MPH)
|
Batting: RHB Javier Martinez
|
0-0: Swinging Strike 0-1: Ball 1-1: Ball 2-1: Foul Ball, location: 9LSF 2-2: Ball 3-2: Strikes out swinging
|
Batting: RHB Kareem bin Kadir
|
0-0: Fielders Choice at 2nd, 4-6 (Groundball, 4, EV 86.9 MPH)
|
Batting: LHB La`nh Cao
|
0-0: Fly out, F8 (Line Drive, 8LD, EV 101.3 MPH)
|
Top of the 1st over - 0 runs, 1 hit, 0 errors, 1 left on base; Tokyo 0 - Marrakesh 0 |
BOTTOM OF THE 1ST |
Marrakesh Marabouts batting - Pitching for Tokyo Choho : LHP Abdul Hamid Marwat
|
Pitching: LHP Abdul Hamid Marwat
|
|
Batting: RHB Bosko Radoncis
|
0-0: Ball 1-0: Called Strike 1-1: Ball 2-1: Ball 3-1: Called Strike 3-2: Strikes out swinging
|
Batting: RHB Akhilesa Sanghi
|
0-0: Ball 1-0: Fly out, F7 (Flyball, 7, EV 77.5 MPH)
|
Batting: RHB Aza bin Zakiy
|
0-0: Ball 1-0: Ground out U3 (Groundball, 34, EV 91.3 MPH)
|
Bottom of the 1st over - 0 runs, 0 hits, 0 errors, 0 left on base; Tokyo 0 - Marrakesh 0 |
TOP OF THE 2ND |
Tokyo Choho batting - Pitching for Marrakesh Marabouts : RHP Amir Nadhir
|
Batting: RHB Malaki Kafara
|
0-0: Ball 1-0: SINGLE (Groundball, 56, EV 101.9 MPH)
|
Batting: RHB Daniel Durant
|
0-0: Grounds into double play, 4-6-3 (Groundball, 4, EV 97.5 MPH)
|
Batting: LHB Fabrice Martins
|
0-0: Fly out, F7 (Flyball, 78D, EV 96.3 MPH)
|
Top of the 2nd over - 0 runs, 1 hit, 0 errors, 0 left on base; Tokyo 0 - Marrakesh 0 |
BOTTOM OF THE 2ND |
Marrakesh Marabouts batting - Pitching for Tokyo Choho : LHP Abdul Hamid Marwat
|
Batting: LHB Jaffer Quraishi
|
0-0: SINGLE (Flyball, 6D, EV 98.8 MPH)
|
Batting: RHB Arnaldo Secretario
|
0-0: Foul Ball, location: 2F 0-1: Ball 1-1: SINGLE (Line Drive, 89S, EV 107.5 MPH) Jaffer Quraishi to second
|
Batting: RHB Sarar Ahmadzai
|
0-0: Bunted foul 0-1: Sac Bunt to 5S - play at first, batter OUT! 5-4 Jaffer Quraishi to third Arnaldo Secretario to second
|
Batting: LHB Chong-Duy Sa
|
0-0: Called Strike 0-1: Ball 1-1: DOUBLE (Groundball, 5L, EV 105.0 MPH) Jaffer Quraishi scores Arnaldo Secretario scores
|
Batting: RHB Safe-eldin Sabola
|
0-0: Ball 1-0: Ball 2-0: Foul Ball, location: 3FF 2-1: Foul Ball, location: 9LMFF 2-2: Fly out, F8 (Flyball, 78S, EV 85.6 MPH)
|
Batting: RHB Radoslaw Wojtowicz
|
0-0: Fly out, F8 (Flyball, 8LM, EV 87.5 MPH)
|
Bottom of the 2nd over - 2 runs, 3 hits, 0 errors, 1 left on base; Tokyo 0 - Marrakesh 2 |
TOP OF THE 3RD |
Tokyo Choho batting - Pitching for Marrakesh Marabouts : RHP Amir Nadhir
|
Batting: RHB Bisvajita Mahale
|
0-0: Ball 1-0: Called Strike 1-1: Fly out, F4 (Popup, 34S, EV 80.0 MPH)
|
Batting: RHB Abdul-Latif bin Ahmad
|
0-0: Ball 1-0: Swinging Strike 1-1: Ball 2-1: Foul Ball, location: 2F 2-2: Strikes out looking
|
Batting: LHB Gamal Gyasi
|
0-0: Ball 1-0: Foul Ball, location: 7LDF 1-1: Ball 2-1: Ball 3-1: Fly out, F8 (Line Drive, 8RD, EV 85.0 MPH)
|
Top of the 3rd over - 0 runs, 0 hits, 0 errors, 0 left on base; Tokyo 0 - Marrakesh 2 |
BOTTOM OF THE 3RD |
Marrakesh Marabouts batting - Pitching for Tokyo Choho : LHP Abdul Hamid Marwat
|
Batting: RHB Bosko Radoncis
|
0-0: Foul Ball, location: 5SF 0-1: Called Strike 0-2: SINGLE (Flyball, 9LS, EV 91.9 MPH)
|
Batting: RHB Akhilesa Sanghi
|
0-0: Sac Bunt to 25 - play at first, batter OUT! 5-3 Bosko Radoncis to second
|
Batting: RHB Aza bin Zakiy
|
0-0: Ball 1-0: Ball 2-0: Foul Ball, location: 2F 2-1: Foul Ball, location: 7LMF 2-2: Foul Ball, location: 2F 2-2: Fly out, F4 (Popup, 4M, EV 67.5 MPH)
|
Batting: LHB Jaffer Quraishi
|
0-0: Foul Ball, location: 2F 0-1: Fly out, F2 (Popup, 15S, EV 83.1 MPH)
|
Bottom of the 3rd over - 0 runs, 1 hit, 0 errors, 1 left on base; Tokyo 0 - Marrakesh 2 |
TOP OF THE 4TH |
Tokyo Choho batting - Pitching for Marrakesh Marabouts : RHP Amir Nadhir
|
Batting: RHB Javier Martinez
|
0-0: Swinging Strike 0-1: Called Strike 0-2: DOUBLE (Line Drive, 7LM, EV 90.0 MPH)
|
Batting: RHB Kareem bin Kadir
|
0-0: Called Strike 0-1: Called Strike 0-2: Strikes out looking
|
Batting: LHB La`nh Cao
|
0-0: Called Strike 0-1: Ball 1-1: Ball 2-1: Foul Ball, location: 3F 2-2: Fly out, F8 (Flyball, 8RM, EV 94.4 MPH)
|
Batting: RHB Malaki Kafara
|
0-0: Ball 1-0: Fly out, F7 (Flyball, 78M, EV 90.6 MPH)
|
Top of the 4th over - 0 runs, 1 hit, 0 errors, 1 left on base; Tokyo 0 - Marrakesh 2 |
BOTTOM OF THE 4TH |
Marrakesh Marabouts batting - Pitching for Tokyo Choho : LHP Abdul Hamid Marwat
|
Batting: RHB Arnaldo Secretario
|
0-0: Called Strike 0-1: Ball 1-1: Ball 2-1: Foul Ball, location: 9LMF 2-2: Fly out, F6 (Popup, 4M, EV 71.9 MPH)
|
Batting: RHB Sarar Ahmadzai
|
0-0: Ball 1-0: Ground out 6-3 (Groundball, 6, EV 80.6 MPH)
|
Batting: LHB Chong-Duy Sa
|
0-0: Ball 1-0: Fly out, F1 (Line Drive, P, EV 72.5 MPH)
|
Bottom of the 4th over - 0 runs, 0 hits, 0 errors, 0 left on base; Tokyo 0 - Marrakesh 2 |
TOP OF THE 5TH |
Tokyo Choho batting - Pitching for Marrakesh Marabouts : RHP Amir Nadhir
|
Batting: RHB Daniel Durant
|
0-0: SINGLE (Line Drive, 78S, EV 106.3 MPH)
|
Batting: LHB Fabrice Martins
|
0-0: Fly out, F2 (Popup, 25F, EV 87.5 MPH)
|
Batting: RHB Bisvajita Mahale
|
0-0: Ball 1-0: Fly out, F9 (Flyball, 9S, EV 82.5 MPH)
|
Batting: RHB Abdul-Latif bin Ahmad
|
0-0: Called Strike 0-1: Fielders Choice at 2nd, 6-4 (Groundball, 6, EV 90.0 MPH)
|
Top of the 5th over - 0 runs, 1 hit, 0 errors, 1 left on base; Tokyo 0 - Marrakesh 2 |
BOTTOM OF THE 5TH |
Marrakesh Marabouts batting - Pitching for Tokyo Choho : LHP Abdul Hamid Marwat
|
Batting: RHB Safe-eldin Sabola
|
0-0: Ball 1-0: SINGLE (Flyball, 6D, EV 80.6 MPH)
|
Batting: RHB Radoslaw Wojtowicz
|
0-0: Bunted foul 0-1: Ball 1-1: Bunted foul 1-2: Ball 2-2: Fly out, F2 (Popup, 2R, EV 50.0 MPH)
|
Batting: RHB Bosko Radoncis
|
0-0: Swinging Strike 0-1: Called Strike 0-2: Ball 1-2: Foul Ball, location: 2F 1-2: Foul Ball, location: 9LMF 1-2: Strikes out swinging
|
Batting: RHB Akhilesa Sanghi
|
0-0: DOUBLE (Line Drive, 5D, EV 110.0 MPH) Safe-eldin Sabola to third Runner from 3rd tries for Home, SAFE, throw by LF to home
|
Batting: RHB Aza bin Zakiy
|
0-0: Foul Ball, location: 2F 0-1: Ball 1-1: Fly out, F8 (Flyball, 78M, EV 95.6 MPH)
|
Bottom of the 5th over - 1 run, 2 hits, 0 errors, 1 left on base; Tokyo 0 - Marrakesh 3 |
TOP OF THE 6TH |
Tokyo Choho batting - Pitching for Marrakesh Marabouts : RHP Amir Nadhir
|
Batting: LHB Gamal Gyasi
|
0-0: Ground out U3 (Groundball, 3L, EV 85.6 MPH)
|
Batting: RHB Javier Martinez
|
0-0: Called Strike 0-1: Foul Ball, location: 2F 0-2: Ball 1-2: Ball 2-2: Foul Ball, location: 7LSF 2-2: Ball 3-2: Base on Balls
|
Batting: RHB Kareem bin Kadir
|
0-0: SINGLE (Line Drive, 56D, EV 96.9 MPH) Javier Martinez to second
|
Batting: LHB La`nh Cao
|
0-0: Ball 1-0: Ball 2-0: Called Strike 2-1: Foul Ball, location: 9LSFF 2-2: Foul Ball, location: 3FF 2-2: Ball 3-2: Fly out, F2 (Popup, 23F, EV 87.5 MPH)
|
Batting: RHB Malaki Kafara
|
0-0: Ball 1-0: Called Strike 1-1: Ball 2-1: Ball 3-1: Called Strike 3-2: Foul Ball, location: 3SF 3-2: Base on Balls Javier Martinez to third Kareem bin Kadir to second
|
Batting: RHB Daniel Durant
|
0-0: Reached on error, E6 (Groundball, 6, EV 85.0 MPH) Javier Martinez scores Kareem bin Kadir to third Malaki Kafara to second
|
Batting: LHB Fabrice Martins
|
0-0: Called Strike 0-1: Ball 1-1: Called Strike 1-2: Ball 2-2: Ball 3-2: Strikes out swinging
|
Top of the 6th over - 1 run, 1 hit, 1 error, 3 left on base; Tokyo 1 - Marrakesh 3 |
BOTTOM OF THE 6TH |
Marrakesh Marabouts batting - Pitching for Tokyo Choho : LHP Abdul Hamid Marwat
|
Batting: LHB Jaffer Quraishi
|
0-0: Called Strike 0-1: Ball 1-1: Foul Ball, location: 23F 1-2: Fly out, F7 (Flyball, 7D, EV 95.0 MPH)
|
Batting: RHB Arnaldo Secretario
|
0-0: Ball 1-0: Ball 2-0: SINGLE (Line Drive, 78S, EV 103.8 MPH)
|
Batting: RHB Sarar Ahmadzai
|
0-0: Ball Wild Pitch! Arnaldo Secretario to second 1-0: Swinging Strike 1-1: Called Strike 1-2: Ball 2-2: Ball 3-2: SINGLE (Groundball, 6MD, EV 100.6 MPH) Arnaldo Secretario to third Runner from 3rd tries for Home, SAFE, throw by CF to home
|
Batting: LHB Chong-Duy Sa
|
0-0: Called Strike 0-1: Ball 1-1: SINGLE (Line Drive, 78S, EV 96.3 MPH) Sarar Ahmadzai to second
|
Batting: RHB Safe-eldin Sabola
|
0-0: Fly out, F7 (Line Drive, 7, EV 100.0 MPH)
|
Batting: RHB Radoslaw Wojtowicz
|
0-0: Called Strike 0-1: Ball 1-1: Called Strike 1-2: Ground out 4-3 (Groundball, 4, EV 86.9 MPH)
|
Bottom of the 6th over - 1 run, 3 hits, 0 errors, 2 left on base; Tokyo 1 - Marrakesh 4 |
TOP OF THE 7TH |
Tokyo Choho batting - Pitching for Marrakesh Marabouts : RHP Amir Nadhir
|
Batting: RHB Bisvajita Mahale
|
0-0: Called Strike 0-1: Ball 1-1: Foul Ball, location: 2F 1-2: Foul Ball, location: 25F 1-2: Ball 2-2: Fly out, F9 (Flyball, 9D, EV 82.5 MPH)
|
Batting: RHB Abdul-Latif bin Ahmad
|
0-0: Foul Ball, location: 3DF 0-1: Ball 1-1: Ground out 5-3 (Groundball, 56S, EV 83.1 MPH)
|
Batting: LHB Gamal Gyasi
|
0-0: Ball 1-0: SINGLE (Line Drive, 34D, EV 103.8 MPH)
|
Batting: RHB Javier Martinez
|
0-0: Ball 1-0: SINGLE (Groundball, 56D, EV 106.3 MPH) Gamal Gyasi to second
|
Batting: RHB Kareem bin Kadir
|
0-0: Called Strike 0-1: Ground out 3-1 (Groundball, 34, EV 108.1 MPH)
|
Top of the 7th over - 0 runs, 2 hits, 0 errors, 2 left on base; Tokyo 1 - Marrakesh 4 |
BOTTOM OF THE 7TH |
Marrakesh Marabouts batting - Pitching for Tokyo Choho : LHP Abdul Hamid Marwat
|
Batting: RHB Bosko Radoncis
|
0-0: Ball 1-0: Foul Ball, location: 9LSF 1-1: SINGLE (Line Drive, 56, EV 96.3 MPH)
|
Batting: RHB Akhilesa Sanghi
|
0-0: Sac Bunt to 5S - play at first, batter OUT! 5-3 Bosko Radoncis to second
|
Batting: RHB Aza bin Zakiy
|
0-0: Called Strike 0-1: Ball 1-1: Swinging Strike 1-2: SINGLE (Line Drive, 89S, EV 88.1 MPH) Bosko Radoncis to third
|
Batting: LHB Jaffer Quraishi
|
0-0: Called Strike 0-1: Ball 1-1: SINGLE (Line Drive, 89S, EV 90.6 MPH) Bosko Radoncis scores Aza bin Zakiy to second
|
Pitching: LHP Andrei Barboianu
|
|
Batting: RHB Arnaldo Secretario
|
0-0: Ball 1-0: Swinging Strike 1-1: Ball 2-1: Fly out, F4 (Popup, 4D, EV 54.4 MPH)
|
Batting: RHB Sarar Ahmadzai
|
0-0: Ball 1-0: Swinging Strike 1-1: Foul Ball, location: 2F 1-2: Foul Ball, location: 3FF 1-2: Foul Ball, location: 3SF 1-2: Ball 2-2: Foul Ball, location: 3F 2-2: Ground out 5-3 (Groundball, 56S, EV 65.6 MPH)
|
Bottom of the 7th over - 1 run, 3 hits, 0 errors, 2 left on base; Tokyo 1 - Marrakesh 5 |
TOP OF THE 8TH |
Tokyo Choho batting - Pitching for Marrakesh Marabouts : RHP Amir Nadhir
|
Pitching: RHP Abracham Pamungkas
|
|
Batting: LHB La`nh Cao
|
0-0: Ball 1-0: Ball 2-0: SINGLE (Line Drive, 89M, EV 105.0 MPH)
|
Batting: RHB Malaki Kafara
|
0-0: Foul Ball, location: 9LDF 0-1: Ball 1-1: Foul Ball, location: 3DF 1-2: Strikes out swinging
|
Batting: RHB Daniel Durant
|
0-0: Fly out, F8 (Flyball, 8LD, EV 95.6 MPH)
|
Batting: LHB Fabrice Martins
|
0-0: Called Strike 0-1: Ball 1-1: Foul Ball, location: 2F 1-2: Ground out 1-3 (Groundball, P, EV 66.9 MPH)
|
Top of the 8th over - 0 runs, 1 hit, 0 errors, 1 left on base; Tokyo 1 - Marrakesh 5 |
BOTTOM OF THE 8TH |
Marrakesh Marabouts batting - Pitching for Tokyo Choho : LHP Andrei Barboianu
|
Pitching: RHP Jong-yeol Nam
|
|
Batting: LHB Chong-Duy Sa
|
0-0: Called Strike 0-1: Swinging Strike 0-2: Ground out 4-3 (Groundball, 4, EV 83.8 MPH)
|
Batting: RHB Safe-eldin Sabola
|
0-0: Ball 1-0: Ball 2-0: Ball 3-0: Called Strike 3-1: Foul Ball, location: 9LMF 3-2: Foul Ball, location: 9LMF 3-2: Fly out, F9 (Flyball, 8RM, EV 93.1 MPH)
|
Batting: RHB Radoslaw Wojtowicz
|
0-0: Ground out 6-3 (Groundball, 6, EV 102.5 MPH)
|
Bottom of the 8th over - 0 runs, 0 hits, 0 errors, 0 left on base; Tokyo 1 - Marrakesh 5 |
TOP OF THE 9TH |
Tokyo Choho batting - Pitching for Marrakesh Marabouts : RHP Abracham Pamungkas
|
Batting: RHB Bisvajita Mahale
|
0-0: Called Strike 0-1: Ball 1-1: Swinging Strike 1-2: Strikes out looking
|
Batting: RHB Abdul-Latif bin Ahmad
|
0-0: Fly out, F9 (Flyball, 9LS, EV 95.0 MPH)
|
Batting: LHB Gamal Gyasi
|
0-0: Ball 1-0: Foul Ball, location: 2F 1-1: Ball 2-1: Foul Ball, location: 2F 2-2: Ground out 1-3 (Groundball, 13S, EV 70.0 MPH)
|
Top of the 9th over - 0 runs, 0 hits, 0 errors, 0 left on base; Tokyo 1 - Marrakesh 5 |
|